 Dungeon Crawl Stone Soup version 0.25-a0-413-g3b4b6a4ccc (webtiles) character file.

Game seed: 1348662874725790658, levelgen mode: deterministic

240 LairdRich the Chopper (level 5, -1/70 HPs)
             Began as a Minotaur Berserker on Jan 14, 2020.
             Was a Believer of Trog.
             Slain by a gnoll
             ... wielding a +0 spear
              (4 damage)
             ... on level 3 of the Dungeon.
             The game lasted 00:13:56 (2595 turns).

LairdRich the Chopper (Minotaur Berserker)          Turns: 2595, Time: 00:13:57

Health: -1/70      AC:  5    Str: 27    XL:     5   Next: 79%
Magic:  4/4        EV: 12    Int:  4    God:    Trog [**....]
Gold:   116        SH:  0    Dex: 10    Spells: 4/4 levels left

rFire    + . .     SeeInvis .   b - +0 war axe
rCold    . . .     Gourm    .   (no shield)
rNeg     . . .     Faith    .   f - +0 ring mail
rPois    .         Spirit   .   (helmet restricted)
rElec    .         Reflect  .   (no cloak)
rCorr    .         Harm     .   (no gloves)
MR       ++++.                  (no boots)
Stlth    ..........             (no amulet)
HPRegen  1.21/turn              (no ring)
MPRegen  0.09/turn              (no ring)

@: berserking, regenerating, very quick
A: retaliatory headbutt, horns 2, fire resistance 1, magic resistance 2
a: Berserk, Trog's Hand, Renounce Religion


You were on level 3 of the Dungeon.
You worshipped Trog.
Trog was pleased with you.
You were very hungry.

You visited 1 branch of the dungeon, and saw 3 of its levels.

You collected 116 gold pieces.

Inventory:

Hand Weapons
 a - a +1 hand axe of flaming
 b - a +0 war axe (weapon)
 n - a +0 hand axe
Armour
 f - a +0 ring mail (worn)
Wands
 v - a wand of flame (29)
Scrolls
 g - 2 scrolls of fear {unknown}
 j - a scroll of noise {unknown}
 m - 5 scrolls of identify {unknown}
 p - 3 scrolls of teleportation {unknown}
 s - a scroll of remove curse {unknown}
 u - a scroll of random uselessness {unknown}
 w - a scroll of enchant weapon {unknown}
 x - a scroll of fog {unknown}
 y - a scroll of blinking {unknown}
Potions
 h - a potion of cancellation {unknown}
 i - a potion of ambrosia {unknown}
 k - a potion of heal wounds {unknown}
 l - a potion of degeneration {unknown}
 o - a potion of magic {unknown}
 q - a potion of lignification {unknown}
Comestibles
 c - 4 rations
 d - 11 chunks of flesh


   Skills:
 + Level 4.6 Fighting
 * Level 5.6 Axes
 + Level 1.2 Throwing
 + Level 3.8 Armour
 + Level 3.4 Dodging


You had 4 spell levels left.
You didn't know any spells.
Your spell library was empty.

Dungeon Overview and Level Annotations

Branches:
Dungeon (3/15)

Altars:
Ashenzari
Cheibriados
Fedhas
Trog

Annotations:
D:2 Robin


Innate Abilities, Weirdness & Mutations

You reflexively headbutt those who attack you in melee.
You have a pair of horns on your head.
Your flesh is heat resistant. (rF+)
You are highly resistant to hostile enchantments. (MR++)


Message History

* * * LOW HITPOINT WARNING * * *
A red film seems to cover your vision as you go berserk!
You feel yourself moving faster!
You feel mighty!
You are feeling very hungry.
The gnoll completely misses you. The gnoll barely misses you.
The orc hits you but does no damage.
You barely miss the orc. Your headbutt misses the orc.
The gnoll hits you from afar with a +0 spear.
* * * LOW HITPOINT WARNING * * *
The gnoll hits you from afar with a +0 spear.
* * * LOW HITPOINT WARNING * * *
The orc hits you with a +0 hand axe.
* * * LOW HITPOINT WARNING * * *
You slash the orc!
You kill the orc!
Trog accepts your kill. The orc wizard casts a spell at you.
You resist with almost no effort.
The gnoll hits you from afar with a +0 spear.
You die...

........# ##.........
........#######....#....#
........).....'....+...##
........#######....#...##
........#######....#....#
........#.....#.(..#.....
.....o..#.....######.....
........#.g...# #.....
...<....@)g...+ +....<
.###.######...# #.....
#.....g.)....$# ######
.....(g.(.....#
###.!...?......#
.............# ######
.............# #.....
...########### #..... .#.
#.....


You could see an orc wizard and 2 gnolls.

Vanquished Creatures
  A big kobold (D:3)
  A gnoll (D:3)
  5 adders
  An ooze (D:3)
  4 dart slugs
  6 worms
  2 leopard geckos
  13 orcs
  5 ball pythons
  3 giant cockroaches
  6 goblins
  6 hobgoblins
  4 jackals (D:2)
  2 quokkas
  4 bats
  4 frilled lizards
  4 kobolds
  8 rats
79 creatures vanquished.

Notes
Turn   | Place    | Note
-------+----------+-------------------------------------------
     0 | D:1      | LairdRich the Minotaur Berserker began the quest for the
                  | Orb.
     0 | D:1      | Reached XP level 1. HP: 19/19 MP: 0/0
   413 | D:1      | Reached XP level 2. HP: 27/27 MP: 1/1
   471 | D:1      | Reached skill level 4 in Axes
  1176 | D:2      | Reached XP level 3. HP: 11/33 MP: 2/2
  1453 | D:2      | Reached ** piety under Trog
  1476 | D:2      | Reached XP level 4. HP: 31/40 MP: 3/3
  1628 | D:2      | Found a faded altar of an unknown god.
  1666 | D:2      | Found a shattered altar of Ashenzari.
  1833 | D:2      | Noticed Robin
  1930 | D:2      | Reached skill level 5 in Axes
  2182 | D:2      | Found a blossoming altar of Fedhas.
  2408 | D:3      | Noticed a big kobold
  2413 | D:3      | Killed a big kobold
  2413 | D:3      | Reached skill level 1 in Throwing
  2413 | D:3      | Reached XP level 5. HP: 47/47 MP: 4/4
  2503 | D:3      | Found a bloodstained altar of Trog.
  2503 | D:3      | Found a snail-covered altar of Cheibriados.
  2590 | D:3      | Gained mutation: Your flesh is heat resistant. (rF+)
                  | [potion of mutation]
  2590 | D:3      | Gained mutation: You are resistant to hostile enchantments.
                  | (MR+) [potion of mutation]
  2590 | D:3      | Gained mutation: You are highly resistant to hostile
                  | enchantments. (MR++) [potion of mutation]
  2590 | D:3      | HP: 2/47 [poisoned by an orc wizard]
  2595 | D:3      | Slain by a gnoll

Levels and vault maps discovered:
D:1:      saegor_arrival_simple_b, layout_basic
D:2:      layout_rooms, overflow_temple_1_default,
          nicolae_overflow_hidden_temple, chequers_ecumenical_altar_island,
          minivault_26, minmay_octomino_e4, uniq_robin
D:3:      layout_basic, gammafunk_temple_overflow_elements, lemuel_old_faithful

Skill      XL: |  1  2  3  4 |
---------------+-------------+-----
Axes           | 4 5 |  5.6
Fighting       | 4 |  4.6
Armour         | 3 |  3.8
Dodging        | 3 |  3.4
Throwing       | 1 |  1.2

Action                   |  1- 3 |  4- 6 || total
-------------------------+-------+-------++-------
Melee: Hand axe          |    38 |    26 ||    64
       Headbutt          |     9 |    11 ||    20
       War axe           |       |    45 ||    45
Throw: Javelin           |    13 |    27 ||    40
Invok: Berserk           |       |     1 ||     1
       Trog's Hand       |       |     1 ||     1
  Use: Potion            |       |     2 ||     2
  Eat: Ration            |     1 |       ||     1
       Chunk             |       |     2 ||     2
Armor: Animal skin       |     3 |       ||     3
       Ring mail         |    12 |    25 ||    37
Dodge: Dodged            |    34 |    54 ||    88

Table legend:
 A = Non-vault XP
 B = Vault XP
 C = Vault XP percentage of total XP
 D = Non-vault monster count
 E = Vault monster count
 F = Vault count percentage of total count
                 A         B        C        D         E       F
            +---------+---------+-------+---------+---------+-------
      Total |     337 |       6 |   1.7 |      76 |       3 |   3.8
            +---------+---------+-------+---------+---------+-------
        D:1 |      32 |       0 |   0.0 |      16 |       0 |   0.0
        D:2 |     124 |       6 |   4.6 |      32 |       3 |   8.6
        D:3 |     181 |       0 |   0.0 |      28 |       0 |   0.0
            +---------+---------+-------+---------+---------+-------
